 Dungeon Crawl Stone Soup version 0.21.1-1-g345015f (webtiles) character file.

938 twistedcrescendo the Quickloader (level 8, -14/58 HPs)
             Began as a Human Wanderer on June 14, 2018.
             Was a Follower of Dithmenos.
             Demolished by an orc warrior
             ... wielding a cursed -2 trident
              (18 damage)
             ... on level 6 of the Dungeon.
             The game lasted 00:45:52 (4566 turns).

twistedcrescendo the Quickloader (Human Wanderer)   Turns: 4566, Time: 00:45:53

Health: -14/58     AC:  6    Str: 13    XL:     8   Next: 34%
Magic:  8/8        EV: 11    Int: 15    God:    Dithmenos [*.....]
Gold:   405        SH:  0    Dex: 12    Spells: 7/7 levels left

rFire    . . .     SeeInvis .   b - +0 hand crossbow
rCold    . . .     Gourm    .   (no shield)
rNeg     . . .     Faith    .   v - +3 leather armour
rPois    .         Spirit   .   (no helmet)
rElec    .         Reflect  .   (no cloak)
rCorr    .         Harm     .   (no gloves)
MR       .....                  (no boots)
Stlth    ++........             (no amulet)
HPRegen  0.19/turn              (no ring)
MPRegen  0.11/turn              (no ring)

@: wreathed by umbra
A: no striking features
a: Renounce Religion


You were on level 6 of the Dungeon.
You worshipped Dithmenos.
Dithmenos was aware of your devotion.
You were not hungry.

You visited 1 branch of the dungeon, and saw 6 of its levels.

You collected 405 gold pieces.

Inventory:

Hand Weapons
 b - a +0 hand crossbow (weapon)
 C - a +0 dagger of draining
 E - a cursed +0 rapier
Missiles
 c - 25 bolts (quivered)
 p - 64 arrows
 z - 59 sling bullets
 G - 161 stones
Armour
 d - a +0 ring mail
 g - a +0 leather armour
 m - a +3 leather armour
 v - a +3 leather armour (worn)
Jewellery
 k - a +4 ring of intelligence {unknown}
Wands
 a - a wand of enslavement (15)
 n - a wand of paralysis (9)
 q - a wand of random effects (21)
 t - a wand of iceblast (9)
Scrolls
 e - a scroll of magic mapping {unknown}
 h - 3 scrolls of teleportation {unknown}
 l - 5 scrolls of identify {unknown}
 w - 2 scrolls of remove curse {unknown}
 A - a scroll of amnesia {unknown}
Potions
 i - 5 potions of curing {unknown}
 j - 2 potions of mutation {unknown}
 o - 3 potions of berserk rage {unknown}
 r - a potion of degeneration {unknown}
 s - 2 potions of haste {unknown}
 u - a potion of resistance {unknown}
 x - a potion of invisibility {unknown}
 B - a potion of agility {unknown}
 D - a potion of flight {unknown}
 F - a potion of magic {unknown}
 H - a potion of cancellation {unknown}
Comestibles
 f - 13 rations
 I - 6 chunks of flesh


   Skills:
 + Level 3.0 Fighting
 + Level 0.7 Short Blades
   Level 1.0 Polearms
 * Level 8.4 Crossbows
 + Level 2.5 Armour
 - Level 1.0 Dodging
 + Level 2.5 Stealth
 + Level 1.0 Evocations


You had 7 spell levels left.
You didn't know any spells.

Dungeon Overview and Level Annotations

Branches:
Dungeon (6/15)
 Temple: D:4-7

Altars:
Dithmenos
Sif Muna
Trog
Yredelemnul


Message History

Press: ? - help, Shift-Dir - straight line, f - jackal
Aim: a jackal (umbra)
You shoot a bolt. The bolt closely misses the jackal.
The bolt hits the orc warrior!
The orc warrior is moderately wounded.
The jackal misses you.
The orc warrior hits you but does no damage.
The orc priest barely misses you. The jackal closely misses you.
Firing (i - inventory. (,) - cycle):
c - 26 bolts (quivered)
Press: ? - help, Shift-Dir - straight line, f/p - jackal
Aim: a jackal (umbra)
You shoot a bolt. The bolt hits the jackal!
You kill the jackal!
Dithmenos accepts your kill.
The orc warrior hits you from afar with an enchanted trident!!
* * * LOW HITPOINT WARNING * * *
The orc priest hits you with a mace!
* * * LOW HITPOINT WARNING * * *
The orc warrior hits you from afar with an enchanted trident!!
You die...

.# ..# ...# #..$#
#...# # #.#..## #.
#. #..#####
##.##.###.....##
##.........@....##
#.........o((....#
#..........o.....#
.................#
.................#
#................#
#...............##
.?...............#
......(..........#


You could see an orc warrior and an orc priest.

Vanquished Creatures
  An ice beast (D:3)
  3 phantoms
  An ogre (D:5)
  A scorpion (D:4)
  A crimson imp (D:5)
  A bullfrog skeleton (D:5)
  An orc priest (D:3)
  2 orc wizards
  Ijyb (D:2)
  2 worker ants (D:5)
  2 hound skeletons (D:4)
  11 adders
  3 oozes
  An adder zombie (D:5)
  An adder skeleton (D:4)
  2 worms
  2 dart slugs (D:2)
  A leopard gecko (D:2)
  11 orcs
  6 bats
  5 giant cockroaches
  6 goblins
  8 hobgoblins
  11 jackals
  11 kobolds
  A quokka (D:3)
  5 frilled lizards
  A quokka skeleton (D:4)
  A rat (D:1)
103 creatures vanquished.

Notes
Turn   | Place    | Note
-------+----------+-------------------------------------------
     0 | D:1      | twistedcrescendo the Human Wanderer began the quest for the Orb.
     0 | D:1      | twistedcrescendo set off with: a wand of enslavement (15), a +0 hand crossbow, 25 bolts, a +0 ring mail, a +0 dagger, a ration
     0 | D:1      | Reached XP level 1. HP: 15/15 MP: 1/1
    21 | D:1      | Reached XP level 2. HP: 15/21 MP: 2/2
   353 | D:1      | Reached skill level 3 in Crossbows
   353 | D:1      | Reached XP level 3. HP: 26/26 MP: 3/3
   814 | D:2      | Reached XP level 4. HP: 27/32 MP: 4/4
  1193 | D:2      | Reached skill level 4 in Crossbows
  1407 | D:3      | Noticed Ijyb
  1410 | D:3      | Paralysed by Ijyb for 4 turns
  1424 | D:2      | Paralysed by Ijyb for 6 turns
  1432 | D:2      | Paralysed by Ijyb for 3 turns
  1439 | D:2      | Killed Ijyb
  1439 | D:2      | Reached XP level 5. HP: 11/38 MP: 5/5
  1724 | D:3      | Noticed an ice beast
  1743 | D:3      | Reached skill level 5 in Crossbows
  1794 | D:3      | Reached XP level 6. HP: 32/44 MP: 6/6
  1889 | D:3      | Found a deep blue altar of Sif Muna.
  1944 | D:3      | Found a bloodstained altar of Trog.
  2342 | D:3      | Killed an ice beast
  2342 | D:3      | Reached skill level 6 in Crossbows
  2479 | D:4      | Noticed a phantom
  2488 | D:4      | Killed a phantom
  2488 | D:4      | Reached XP level 7. HP: 43/50 MP: 7/7
  2584 | D:4      | Reached skill level 7 in Crossbows
  2615 | D:5      | Entered Level 5 of the Dungeon
  3039 | D:4      | Found a shadowy altar of Dithmenos.
  3042 | D:4      | Became a worshipper of Dithmenos the Shadowed
  3195 | D:4      | Found a basalt altar of Yredelemnul.
  3794 | D:5      | Reached XP level 8. HP: 57/57 MP: 8/8
  4117 | D:5      | Reached skill level 8 in Crossbows
  4358 | D:5      | Reached * piety under Dithmenos
  4566 | D:6      | Demolished by an orc warrior

Skill      XL: |  1  2  3  4  5  6  7  8 |
---------------+-------------------------+-----
Crossbows      | 3 4 5 6 7 8 |  8.4
Fighting       | 2 3 |  3.0
Short Blades   | |  0.7
Polearms       | |  1.0
Armour         | |  2.5
Dodging        | |  1.0
Stealth        | |  2.5
Evocations     | |  1.0

Action                   |  1- 3 |  4- 6 |  7- 9 || total
-------------------------+-------+-------+-------++-------
Melee: Dagger            |       |     5 |       ||     5
 Fire: Hand crossbow     |    64 |   125 |   151 ||   340
  Eat: Chunk             |       |     4 |     4 ||     8
       Ration            |       |     1 |       ||     1
Armor: Ring mail         |    10 |    21 |       ||    31
       Leather armour    |       |    23 |    18 ||    41
Dodge: Dodged            |    25 |    41 |    51 ||   117
